[Event "Live Chess"]
[Site "Chess.com"]
[Date "2023.09.16"]
[Round "-"]
[White "vitinho_lawliet"]
[Black "KauaShelby015"]
[Result "0-1"]
[WhiteElo "922"]
[BlackElo "1275"]
[TimeControl "900+5"]
[EndTime "7:45:12 PDT"]
[Termination "KauaShelby015 venceu por xeque-mate"]

1. f4 Nc6 2. Nf3 d5 3. g3 Nf6 4. Bg2 Bg4 5. d4 e6 6. Nc3 Bb4 7. Qd3 Ne4 8. Bd2 Nxd2 9. Qxd2 Qf6 10. e3 O-O-O 11. O-O-O Bxf3 12. Bxf3 g5 13. Rhf1 gxf4 14. exf4 Qe7 15. Kb1 f6 16. a3 Bd6 17. Nb5 a6 18.
Nxd6+ Qxd6 19. h3 Rhe8 20. Rde1 e5 21. dxe5 fxe5 22. fxe5 Nxe5 23. Bxd5 Qxd5 24. Qc3 Nc6 25. Rf2 Rxe1+ 26. Qxe1 Qd1+ 27. Qxd1 Rxd1+ 28. Ka2 Nd4 29.
c3 Ne6 30. b4 Kd7 31. c4 c5 32. Rf7+ Kd6 33. bxc5+ Nxc5 34. Rxh7 Rd2+ 35. Kb1 Rd3 36. Kc2 Rxg3 37. Rh6+ Kc7 38. h4 Rxa3 39. h5 Rh3 40. Rh7+ Kb6 41. h6 Ne4 42. Rh8 Nf6 43. Kd2 Kc5 44. Ke2 Kxc4 45. Kf2 Kd5 46. Kg2 Rh5 47.
Kg3 Ke5 48. Kf3 Kf5 49. Kg3 Ne4+ 50. Kf3 Ng5+ 51. Kg3 Rh3+ 52. Kg2 Rh5 53. Kg3 Kg6 54. Kg4 Rxh6 55. Rg8+ Kf7 56. Rxg5 Rg6 57. Rxg6 Kxg6 58. Kf4 Kf6 59. Ke4 Ke6 60. Kd4 Kd6 61. Kc4 Kc6 62.
Kb4 Kb6 63. Ka4 Kc5 64. Ka5 Kc6 65. Kb4 b6 66. Ka4 Kc5 67. Kb3 a5 68. Ka4 Kc6 69. Ka3 Kb5 70. Kb3 a4+ 71. Ka3 Ka5 72. Ka2 Kb4 73.
Kb2 b5 74. Ka2 Kc4 75. Kb2 b4 76. Ka2 Kc3 77. Ka1 b3 78. Kb1 a3 79. Ka1 b2+ 80.
Kb1 Kb4 81. Ka2 Kc4 82. Kb1 Kc3 83. Ka2 Kb4 84. Kb1 Ka4 85. Ka2 Kb5 86. Kb1 Kc4 87.
Ka2 Kd3 88. Kb1 Kd2 89. Ka2 Kc1 90. Kxa3 b1=Q 91. Ka4 Kc2 92. Ka5 Kc3 93. Ka4 Qb4# 0-1

[Event "Live Chess"]
[Site "Chess.com"]
[Date "2023.09.16"]
[Round "-"]
[White "NavarroChess09"]
[Black "Mika635Isa"]
[Result "1-0"]
[WhiteElo "1328"]
[BlackElo "531"]
[TimeControl "900+5"]
[EndTime "7:45:49 PDT"]
[Termination "NavarroChess09 venceu por desistência"]

1. d4 d5 2. Nf3 Nc6 3. Nc3 Nf6 4. Bg5 g6 5. Bxf6 exf6 6. Qd2 Bg7 7. e3 O-O 8. Bb5 Nb4 9. Na4 c6 10. Qxb4 cxb5 11.
Qxb5 Bd7 12. Qb3 Rb8 13. Nc5 f5 14. Qxd5 Ba4 15. Qxd8 Rfxd8 16. Nxa4 1-0

[Event "Live Chess"]
[Site "Chess.com"]
[Date "2023.09.16"]
[Round "-"]
[White "mary260210"]
[Black "Megruo988"]
[Result "0-1"]
[WhiteElo "902"]
[BlackElo "1710"]
[TimeControl "900+5"]
[EndTime "7:46:08 PDT"]
[Termination "Megruo988 venceu por xeque-mate"]

1. d4 Nf6 2. Nc3 g6 3. Nf3 Bg7 4. e4 O-O 5. Bd3 d6 6. O-O Re8 7. e5 dxe5 8. dxe5 Nd5 9. Nxd5 Qxd5 10. Bf4 Bg4 11. c4 Qc6 12. h3 Bxf3 13. Qxf3 Qxf3 14.
gxf3 Nc6 15. Rad1 Nxe5 16. Bxe5 Bxe5 17. Be4 c6 18. Rd7 Rab8 19. b4 e6 20. b5 cxb5 21.
cxb5 b6 22. Rxa7 Red8 23. Rc1 Rd2 24. Bc2 Bd4 25. Kf1 Rxf2+ 26. Ke1 Rc8 27. Rd1 Be3 28. Rd3 Rcxc2 29. Rxe3 Rh2 30. Kd1 Rxa2 31. Rxa2 Rxa2 32.
Rc3 Rb2 33. Rc8+ Kg7 34. Kc1 Rxb5 35. Rc6 Rb3 36. Kc2 Rxf3 37. Rxb6 Rxh3 38. Kd2 Rf3 39. Ke2 Rf6 40. Ke3 h5 41. Ke4 h4 42. Rb3 Rf5 43.
Rc3 Kh6 44. Rh3 Kg5 45. Ke3 Kg4 46. Rh1 Kg3 47. Rg1+ Kh2 48. Rg4 h3 49. Ke4 Rf2 50.
Ke3 Rg2 51. Rxg2+ Kxg2 52. Ke2 h2 53. Ke3 h1=Q 54. Ke4 Qd1 55. Kf4 Qd4+ 56. Kg5 f6+ 57. Kxg6 f5 58. Kf7 f4 59. Kxe6 f3 60. Kf5 f2 61. Ke6 f1=Q 62. Ke7 Qe4+ 63. Kd6 Qfd3+ 64. Kc5 Qec4+ 65. Kb6 Qdb3+ 66. Ka7 Qca4# 0-1

[Event "Live Chess"]
[Site "Chess.com"]
[Date "2023.09.16"]
[Round "-"]
[White "Froidastics"]
[Black "xadrecarloso"]
[Result "1-0"]
[WhiteElo "1978"]
[BlackElo "940"]
[TimeControl "900+5"]
[EndTime "7:47:17 PDT"]
[Termination "Froidastics venceu por xeque-mate"]

1. e4 c5 2. Nf3 a6 3. d4 cxd4 4. Nxd4 b5 5. Nc3 Bb7 6. Be3 Nc6 7. f3 Nxd4 8. Bxd4 Nf6 9. e5 Nd5 10. Nxd5 Bxd5 11. Be3 f6 12. Qxd5 e6 13. Qe4 f5 14.
Qd3 Qa5+ 15. Qd2 Qxd2+ 16. Bxd2 d6 17. exd6 Bxd6 18. O-O-O O-O 19. Bc3 a5 20. Rxd6 b4 21. Be5 Rfd8 22. Bc4 Rxd6 23. Bxd6 Kf7 24. Re1 Re8 25. Bb3 g5 26. Bc7 Re7 27. Bxa5 g4 28. fxg4 fxg4 29. Bxb4 Re8 30. Rf1+ Kg6 31. c4 Kg5 32. Bd2+ Kh4 33. c5 h5 34. Bc3 g3 35.
Bf6+ Kg4 36. Bd1# 1-0

[Event "Live Chess"]
[Site "Chess.com"]
[Date "2023.09.16"]
[Round "-"]
[White "Francisco_Ferrari"]
[Black "Giulliajapa007"]
[Result "1-0"]
[WhiteElo "2168"]
[BlackElo "991"]
[TimeControl "900+5"]
[EndTime "7:47:38 PDT"]
[Termination "Francisco_Ferrari venceu por xeque-mate"]

1. e4 e5 2. Nf3 Nc6 3. d4 exd4 4. Bc4 Bc5 5. O-O d6 6. Bg5 f6 7. Bf4 Bd7 8. c3 dxc3 9. Nxc3 Qe7 10. Nd5 Qd8 11.
Nh4 Nge7 12. Nxf6+ gxf6 13. Qh5+ Ng6 14. Nxg6 hxg6 15.
Qxh8+ Ke7 16. Qg7+ Ke8 17. Qf7# 1-0

[Event "Live Chess"]
[Site "Chess.com"]
[Date "2023.09.16"]
[Round "-"]
[White "ravypintodiniz"]
[Black "icarohm"]
[Result "1-0"]
[WhiteElo "2063"]
[BlackElo "1875"]
[TimeControl "900+5"]
[EndTime "7:47:40 PDT"]
[Termination "ravypintodiniz venceu por desistência"]

1. e4 e6 2. d4 d5 3. exd5 exd5 4. Bd3 Bd6 5. Nf3 Nf6 6. Qe2+ Be6 7. Ng5 Qe7 8. Nxe6 fxe6 9. O-O O-O 10. c3 Nbd7 11.
Bg5 Rae8 12. Qc2 h6 13. Bh4 c5 14. Bg6 Rc8 15. dxc5 Bxc5 16. Nd2 Ne5 17. Nf3 Nxg6 18. Qxg6 Qf7 19. Ne5 Qxg6 20. Nxg6 Rf7 21. Nf4 Re8 22.
Nd3 Bd6 23. Bg3 e5 24. f3 Bc7 25. Rfe1 Nd7 26. Re2 Bb6+ 27. Kh1 Rfe7 28. Rae1 Bc7 29. Nb4 Nf6 30. Rd1 e4 31. Bxc7 exf3 32. Rxe7 fxg2+ 33. Kxg2 Rxe7 34. Bd8 Re2+ 35. Kf3 Rxb2 36. Bxf6 gxf6 37. h4 a5 38. Nxd5 Rxa2 39. Nxf6+ Kg7 40. Ng4 Ra3 41. Rd7+ Kg6 42. Kf4 Rxc3 43. Ne5+ Kf6 44. Rxb7 a4 45. Rb6+ Ke7 46. Rxh6 a3 47. Ra6 Rb3 48. h5 Rb4+ 49.
Kf5 Kf8 50. h6 Rb7 51. Ra8+ 1-0

[Event "Live Chess"]
[Site "Chess.com"]
[Date "2023.09.16"]
[Round "-"]
[White "maylso"]
[Black "Edson_Zarnelli"]
[Result "1-0"]
[WhiteElo "1433"]
[BlackElo "788"]
[TimeControl "900+5"]
[EndTime "7:48:05 PDT"]
[Termination "maylso venceu por desistência"]

1. e4 e5 2. Nf3 Nc6 3. Bc4 Bc5 4. c3 Nf6 5. d4 exd4 6. cxd4 Bb6 7. Nc3 Ba5 8. O-O Bxc3 9. bxc3 O-O 10. Bg5 Na5 11.
Bd3 h6 12. Bh4 g5 13. Nxg5 hxg5 14. Bxg5 Re8 15. e5 Kg7 16. Bxf6+ Qxf6 17. exf6+ Kxf6 18. Qf3+ Kg7 1-0

[Event "Live Chess"]
[Site "Chess.com"]
[Date "2023.09.16"]
[Round "-"]
[White "Mozart5501"]
[Black "KauaShelby015"]
[Result "0-1"]
[WhiteElo "1772"]
[BlackElo "1290"]
[TimeControl "900+5"]
[EndTime "7:48:08 PDT"]
[Termination "KauaShelby015 venceu por desistência"]

1. e4 e5 2. Nf3 Nc6 3. d4 exd4 4. Bc4 Bb4+ 5. c3 dxc3 6. O-O cxb2 7. Bxb2 Nf6 8. e5 Ng4 9. a3 Bc5 10. Bxf7+ Kxf7 11.
Qd5+ Ke8 12. Qxc5 Qe7 13. Nc3 Qxc5 0-1

[Event "Live Chess"]
[Site "Chess.com"]
[Date "2023.09.16"]
[Round "-"]
[White "VIAJEMCENTRODATERRA"]
[Black "ArthurMPRJ"]
[Result "1/2-1/2"]
[WhiteElo "2004"]
[BlackElo "1429"]
[TimeControl "900+5"]
[EndTime "7:48:10 PDT"]
[Termination "Partida empatada por acordo"]

1. d4 Nf6 2. c4 e6 3. Nc3 Bb4 4.
e3 c5 5. Bd3 cxd4 6. exd4 d5 7.
Nf3 O-O 8. O-O Bxc3 9. bxc3 dxc4 10. Bxc4 b6 11. Ne5 Nfd7 12. Nxd7 Nxd7 13. Be2 Bb7 14. Bf3 Bxf3 15. Qxf3 Rc8 16. a4 Qc7 17. Ba3 Rfd8 18. Rfc1 Nf6 19. g3 Qc6 20. Qxc6 Rxc6 21. Be7 Rdc8 22.
Bxf6 gxf6 23. Ra3 Rc4 24. Kf1 Rxd4 25. cxd4 Rxc1+ 26. Ke2 Kf8 27. a5 Rb1 28. Rc3 bxa5 29. Rc8+ Kg7 30. Rc7 Rb4 31. Rxa7 Rxd4 32. Rxa5 f5 33. Ke3 Re4+ 34. Kf3 Kf6 35. h4 Rd4 36. Rb5 1/2-1/2

[Event "Live Chess"]
[Site "Chess.com"]
[Date "2023.09.16"]
[Round "-"]
[White "kslusk"]
[Black "Samueeeseeel"]
[Result "1/2-1/2"]
[WhiteElo "858"]
[BlackElo "927"]
[TimeControl "900+5"]
[EndTime "7:48:16 PDT"]
[Termination "Empate por repetição"]

1. e4 c5 2. Nf3 Nc6 3. d4 cxd4 4. Nxd4 Nxd4 5. Qxd4 d6 6. Nc3 e5 7. Qd1 g6 8. Bb5+ Bd7 9. Bxd7+ Qxd7 10. O-O Bg7 11.
Qe2 Ne7 12. Qb5 Qxb5 13. Nxb5 O-O 14. Nxd6 b6 15. Nb5 f5 16. exf5 gxf5 17. Re1 f4 18. Bxf4 exf4 19. Rxe7 a6 20. Nc3 Bxc3 21. bxc3 Rfe8 22.
Rxe8+ Rxe8 23. Kf1 b5 24. Rb1 Re7 25. Rb4 Re5 26.
Rxf4 a5 27. c4 b4 28. Rg4+ Kf7 29. f3 h5 30. Re4 Rc5 31. Ke2 Kf6 32. Kd3 a4 33.
Rd4 Ke5 34. f4+ Ke6 35. g3 Rc8 36. Ke4 Rb8 37. f5+ Kf6 38. Rd6+ Ke7 39. Re6+ Kf7 40. Ra6 b3 41. cxb3 axb3 42. axb3 Rxb3 43. c5 Rc3 44. Ra7+ Ke8 45. Kd4 Rc1 46. Ra8+ Kd7 47. Ra6 Kc7 48. Kd5 Kb7 49. Rb6+ Kc7 50. Rc6+ Kb7 51. f6 Rf1 52. Rd6 Kc7 53. Rc6+ Kd7 54. Rd6+ Kc7 55. Rc6+ Kd7 56. Rd6+ Kc7 1/2-1/2

[Event "Live Chess"]
[Site "Chess.com"]
[Date "2023.09.16"]
[Round "-"]
[White "MateusLuan08"]
[Black "IanFLS"]
[Result "0-1"]
[WhiteElo "1563"]
[BlackElo "1877"]
[TimeControl "900+5"]
[EndTime "7:48:47 PDT"]
[Termination "IanFLS venceu por desistência"]

1. e4 c6 2. d4 d5 3. e5 Bf5 4.
Nf3 h6 5. c4 e6 6. Nc3 Bb4 7. Qb3 Bxc3+ 8. bxc3 b6 9. cxd5 cxd5 10. Ba3 Qd7 11. Bb5 Nc6 12. Qa4 Rc8 13. O-O Nge7 14.
Bxe7 Kxe7 15. Bxc6 Rxc6 16. h3 Rhc8 17. Rac1 Ke8 18.
Qa3 Rc4 19. Nd2 Qa4 20. Qb3 Qxb3 21. axb3 Rxc3 22. Rxc3 Rxc3 23. g4 Bd3 24. Ra1 a5 25. b4 axb4 26. Nb1 Bxb1 27. Rxb1 Rc4 28. Rb3 Rxd4 29.
Kg2 Kd7 30. Kf3 Kc6 31. Ke3 Re4+ 32. Kd3 b5 33. f4 Rxf4 34. Ke3 Re4+ 35. Kd3 Kc5 36. Kc2 0-1

[Event "Live Chess"]
[Site "Chess.com"]
[Date "2023.09.16"]
[Round "-"]
[White "augustodemoraisrocha"]
[Black "Torugomilho11"]
[Result "0-1"]
[WhiteElo "1445"]
[BlackElo "1177"]
[TimeControl "900+5"]
[EndTime "7:48:53 PDT"]
[Termination "Torugomilho11 venceu por desistência"]

1. e4 e5 2. Nf3 Nc6 3. Bb5 a6 4. Ba4 b5 5. Bb3 Nf6 6. Nc3 Bb4 7. d4 exd4 8. Nxd4 Bxc3+ 9. bxc3 O-O 10. Nxc6 dxc6 11. Qxd8 Rxd8 12. f3 c5 13. a3 c4 14.
Ba2 Be6 15. Bd2 Rd6 16. O-O-O Rad8 17. Bf4 Rxd1+ 18. Rxd1 Rxd1+ 19. Kxd1 c6 20. Be5 Kf8 21. Kd2 Ke7 22. Ke3 Kd7 23. Kd4 Kc8 24. Kc5 Kb7 25.
a4 Nd7+ 26. Kd4 c5+ 27. Ke3 Nxe5 28. axb5 axb5 0-1

[Event "Live Chess"]
[Site "Chess.com"]
[Date "2023.09.16"]
[Round "-"]
[White "brenin12345"]
[Black "ABC2009V"]
[Result "0-1"]
[WhiteElo "768"]
[BlackElo "2005"]
[TimeControl "900+5"]
[EndTime "7:49:16 PDT"]
[Termination "ABC2009V venceu por xeque-mate"]

1. e4 c5 2. Nf3 Nc6 3. d3 e5 4. Nc3 d6 5. g3 Bg4 6. Bg2 Be7 7. h3 Bxf3 8. Bxf3 Nf6 9. O-O Qc8 10. Be3 Qxh3 11. Bg5 h5 12. Bxf6 Bxf6 13. g4 Nd4 14. Bg2 Qxg4 15. Qxg4 hxg4 16. f3 Nxc2 17. Rac1 Ne3 18.
fxg4 Nxf1 19. Bxf1 Rh4 20. Be2 O-O-O 21. Nd5 Rdh8 22. Nxf6 Rh1+ 23. Kf2 Rxc1 24. Nh7 Rxh7 25. Bd1 Rxd1 26. g5 Rh2+ 27. Ke3 Re1+ 28. Kf3 Ree2 29.
Kg3 Rd2 30. Kf3 Rhe2 31. Kg3 Rxd3+ 32. Kh4 Rxe4+ 33. Kh5 Rh3# 0-1

[Event "Live Chess"]
[Site "Chess.com"]
[Date "2023.09.16"]
[Round "-"]
[White "Abofado"]
[Black "z_anne_ari"]
[Result "0-1"]
[WhiteElo "569"]
[BlackElo "1258"]
[TimeControl "900+5"]
[EndTime "7:49:22 PDT"]
[Termination "z_anne_ari venceu por xeque-mate"]

1. e4 d5 2. exd5 Qd6 3. d4 Qxd5 4. Nf3 c5 5. c4 Qd8 6. dxc5 Nc6 7. Bd2 e6 8. Ng5 Bxc5 9. Qf3 Nh6 10. Nh3 Ne5 11. Qh5 Qf6 12. Nc3 O-O 13. Ne4 Qg6 14. Qxe5 Bb6 15. Bb4 Rd8 16. Nf4 Ng4 17. Qc3 Qxe4+ 18.
Ne2 Bxf2# 0-1

[Event "Live Chess"]
[Site "Chess.com"]
[Date "2023.09.16"]
[Round "-"]
[White "KBT2007"]
[Black "zxsimon"]
[Result "1-0"]
[WhiteElo "1905"]
[BlackElo "1474"]
[TimeControl "900+5"]
[EndTime "7:49:45 PDT"]
[Termination "KBT2007 venceu por desistência"]

1. d4 Nf6 2. c4 d6 3. Nc3 g6 4. Nf3 Bg7 5. Bg5 Nbd7 6. e4 O-O 7. Qd2 c5 8. d5 a6 9. a4 Re8 10. Be2 Rb8 11. O-O Ne5 12. Nxe5 dxe5 13. a5 e6 14. Bxf6 Bxf6 15. Na4 exd5 16. cxd5 Be7 17.
Rac1 Bd7 18. Nxc5 Bxc5 19. Rxc5 Rc8 20. Rfc1 Rxc5 21. Rxc5 Qe7 22. Qc3 h5 23. Rc7 Rb8 24. Qb3 Qg5 25. Rxd7 Qc1+ 26. Bf1 1-0

[Event "Live Chess"]
[Site "Chess.com"]
[Date "2023.09.16"]
[Round "-"]
[White "daniel-drummond"]
[Black "AlphaKaua10"]
[Result "1-0"]
[WhiteElo "1553"]
[BlackElo "1073"]
[TimeControl "900+5"]
[EndTime "7:50:18 PDT"]
[Termination "daniel-drummond venceu por desistência"]

1. e4 c5 2. Nf3 g6 3. d4 cxd4 4. Nxd4 Bg7 5. Nc3 Nf6 6. Be3 O-O 7. Bc4 d6 8. Qd2 e5 9. Nf3 Nc6 10. O-O-O Be6 11. Bxe6 fxe6 12. Qxd6 Qxd6 13. Rxd6 Rae8 14. Rhd1 Ng4 15. Bc5 Rd8 16. Rxe6 Rxd1+ 17. Kxd1 Rd8+ 18. Kc1 b6 19. Be7 Nxe7 20. Rxe7 Nxf2 21. b3 Bh6+ 22. Kb2 a5 23. Nxe5 Bg7 24. Nc6 Rc8 25. Re6 Kf7 26.
Rd6 Be5 27. Rd5 Bxc3+ 28. Kxc3 Rxc6+ 29. Kb2 Nxe4 30. Rd7+ Kf6 31. Rxh7 Ng5 32. Rb7 Ne6 33.
a4 Nd4 34. c3 Ne2 35. c4 Rd6 36. Kc2 Nd4+ 37. Kc3 Ne2+ 38. Kc2 Nf4 39. g3 Nh5 40. Ra7 Kf5 41. Ra6 g5 42. c5 Rc6 43. Rxb6 Rxc5+ 44. Kd3 Kg4 45. Rb5 Rc7 46. Rxa5 Rd7+ 47. Kc4 Nf6 48.
b4 Rc7+ 49. Kb5 Ne4 50. Kb6 Rf7 51. Re5 Nc3 52. a5 Rf2 53. a6 Rxh2 54. a7 Rh8 55. Kb7 Na4 56. a8=Q Rxa8 57. Kxa8 Kxg3 58. Rxg5+ Kf4 59.
Ra5 Nc3 60. b5 Nd5 61. Kb7 Ke5 62. b6 Kd6 63. Rxd5+ Kxd5 64. Kc7 Kc5 65. b7 Kd5 66. b8=Q Kc5 67. Qd8 1-0

[Event "Live Chess"]
[Site "Chess.com"]
[Date "2023.09.16"]
[Round "-"]
[White "zezemito921"]
[Black "fernanndodod"]
[Result "0-1"]
[WhiteElo "916"]
[BlackElo "1944"]
[TimeControl "900+5"]
[EndTime "7:50:53 PDT"]
[Termination "fernanndodod venceu por xeque-mate"]

1. e4 e5 2. Nf3 Nc6 3. Be2 Nf6 4. d3 Bc5 5. O-O d6 6. Bg5 O-O 7. Bxf6 Qxf6 8. c3 Bg4 9. Na3 Rad8 10. Nb5 Qe7 11. d4 exd4 12. cxd4 Bb6 13. d5 Bxf3 14.
Bxf3 Ne5 15. Na3 Qg5 16. Nb5 f5 17. Rc1 Rd7 18. g3 Re7 19. h4 Qxg3+ 20. Kh1 Qh3+ 21. Kg1 Nxf3+ 22. Qxf3 Qxf3 23. Rc3 Qg4+ 24. Kh1 Rxe4 25. Nxc7 Qxh4+ 26. Kg2 Rf6 27. Nb5 Rg6+ 28. Kf3 Qf4# 0-1

[Event "Live Chess"]
[Site "Chess.com"]
[Date "2023.09.16"]
[Round "-"]
[White "ArthurMPRJ"]
[Black "Mozart5501"]
[Result "1-0"]
[WhiteElo "1489"]
[BlackElo "1758"]
[TimeControl "900+5"]
[EndTime "7:52:02 PDT"]
[Termination "ArthurMPRJ venceu por desistência"]

1. d4 Nf6 2. c4 g6 3. f3 Bg7 4. e4 d6 5. Nc3 O-O 6. Nge2 e5 7. Bg5 h6 8. Be3 Nh5 9. Qd2 exd4 10.
Nxd4 Nd7 11. Be2 g5 12. Nf5 Ne5 13. Nxg7 Nxg7 14. Bd4 f5 15. O-O-O Qe7 16. Nd5 Qd7 17. Qc3 Re8 18. Nf6+ 1-0

[Event "Live Chess"]
[Site "Chess.com"]
[Date "2023.09.16"]
[Round "-"]
[White "ravypintodiniz"]
[Black "Giulliajapa007"]
[Result "1-0"]
[WhiteElo "2063"]
[BlackElo "991"]
[TimeControl "900+5"]
[EndTime "7:52:16 PDT"]
[Termination "ravypintodiniz venceu por xeque-mate"]

1. e4 e5 2. Nf3 Nc6 3. Bb5 a6 4. Ba4 b5 5. Bb3 Bc5 6. O-O Nf6 7. Nxe5 Nxe5 8. d4 Bxd4 9. Qxd4 Nc6 10. Qd1 O-O 11.
Bg5 h6 12. Bh4 g5 13. Bg3 Nxe4 14. Qh5 Kg7 15. h4 Nxg3 16. fxg3 d6 17. Rxf7+ Rxf7 18. Qxf7+ Kh8 19. Nc3 Bf5 20. Qxf5 Ne7 21. Qf6+ Kh7 22. Rf1 Qf8 23. Qxf8 Rxf8 24. Rxf8 Kg7 25. Rf7+ Kg6 26.
Rxe7 Kf6 27. Rxc7 Ke5 28. Rc6 d5 29. Rxa6 d4 30. Re6+ Kf5 31. Ne2 d3 32. cxd3 b4 33. Kf2 gxh4 34. Kf3 Kg5 35. Nf4 Kf5 36. g4+ Kg5 37.
Rg6# 1-0

[Event "Live Chess"]
[Site "Chess.com"]
[Date "2023.09.16"]
[Round "-"]
[White "Abofado"]
[Black "augustodemoraisrocha"]
[Result "0-1"]
[WhiteElo "569"]
[BlackElo "1446"]
[TimeControl "900+5"]
[EndTime "7:52:37 PDT"]
[Termination "augustodemoraisrocha venceu por desistência"]

1. e4 e5 2. Nf3 Nc6 3. d4 exd4 4. c3 dxc3 5. bxc3 Bd6 6. Ng5 Nf6 7.
Bb2 h6 8. Nf3 Nxe4 9. Bc4 Qe7 10. Nbd2 Nxc3+ 11. Qe2 Nxe2 12. Bxe2 Bb4 13. a3 Bxd2+ 14.
Kxd2 d6 15. Kc2 Bf5+ 16. Bd3 Qe2+ 17. Nd2 Qxd3+ 0-1

[Event "Live Chess"]
[Site "Chess.com"]
[Date "2023.09.16"]
[Round "-"]
[White "KBT2007"]
[Black "kslusk"]
[Result "1-0"]
[WhiteElo "1905"]
[BlackElo "857"]
[TimeControl "900+5"]
[EndTime "7:52:38 PDT"]
[Termination "KBT2007 venceu por desistência"]

1. d4 Nf6 2. c4 e6 3. Nf3 d5 4.
cxd5 exd5 5. g3 Nc6 6. Bg2 Bg4 7. O-O Bd6 8. Nc3 O-O 9. Bg5 Be6 10. e4 h6 11. Bxf6 gxf6 12. exd5 Bg4 13. dxc6 bxc6 14.
Qd3 Bxf3 15. Qxf3 c5 16. dxc5 Bxc5 17. Rad1 Qe7 18. Rfe1 1-0

[Event "Live Chess"]
[Site "Chess.com"]
[Date "2023.09.16"]
[Round "-"]
[White "Ggavioli"]
[Black "vitinho_lawliet"]
[Result "1-0"]
[WhiteElo "1555"]
[BlackElo "922"]
[TimeControl "900+5"]
[EndTime "7:53:37 PDT"]
[Termination "Ggavioli venceu por desistência"]

1. e4 e5 2. Nf3 Nc6 3. Bb5 Qf6 4. Nc3 a6 5. Nd5 Qd6 6. Bxc6 bxc6 7. Ne3 Nf6 8. d3 c5 9. Nc4 Qe6 10. Ng5 Qc6 11. Nxe5 Qb5 12. Ngf3 d6 13. a4 Qb4+ 14. c3 Qb7 15. Nc4 d5 16. exd5 Qxd5 17. O-O Ng4 18. Re1+ Be6 19. h3 Nf6 20. Ne3 Qc6 21. d4 cxd4 22.
Nxd4 Qb6 23. Nxe6 Qxe6 24. Nc4 Rd8 25. Rxe6+ fxe6 26. Qe2 Nd5 27. Qxe6+ Ne7 28. Ne5 Rd1+ 29. Kh2 Rd5 30. Qf7+ Kd8 31. Bf4 c6 32. c4 Rd4 33.
Nxc6+ Nxc6 34. Qc7+ Ke8 35. Qxc6+ Kf7 36. Qf3 Ke6 37.
Re1+ Kd7 38. Qg4+ Kd8 39. Bg5+ Kc7 40. Qxd4 Bd6+ 41. g3 Rb8 42. Qxg7+ Kc6 43. Re6 Rxb2 44. Qxb2 1-0

[Event "Live Chess"]
[Site "Chess.com"]
[Date "2023.09.16"]
[Round "-"]
[White "VIAJEMCENTRODATERRA"]
[Black "Edson_Zarnelli"]
[Result "1-0"]
[WhiteElo "2004"]
[BlackElo "788"]
[TimeControl "900+5"]
[EndTime "7:53:55 PDT"]
[Termination "VIAJEMCENTRODATERRA venceu por desistência"]

1. d4 d5 2. c4 e6 3. Nc3 Bb4 4. cxd5 Bxc3+ 5. bxc3 exd5 6. Nf3 Nf6 7. e3 O-O 8. Qc2 g6 9. Bd3 Ne4 10. Bxe4 dxe4 11.
Qxe4 Nd7 12. Qc2 Nf6 13. O-O Bf5 14. Qd1 Ne4 15. Bb2 Qd6 16. Nd2 Nxd2 17. Qxd2 Bd7 18. a4 a5 19. Ba3 Qd5 20. Bxf8 Rxf8 21. Rfc1 Bc6 22. f3 b5 23. e4 Qb3 24. axb5 Bxb5 25. Rcb1 Qe6 26. Rxb5 c6 27. Rbxa5 1-0

[Event "Live Chess"]
[Site "Chess.com"]
[Date "2023.09.16"]
[Round "-"]
[White "xadrecarloso"]
[Black "icarohm"]
[Result "0-1"]
[WhiteElo "940"]
[BlackElo "1875"]
[TimeControl "900+5"]
[EndTime "7:53:56 PDT"]
[Termination "icarohm venceu por desistência"]

1. d4 d5 2. Bf4 Bf5 3. e3 e6 4. Bd3 Bxd3 5. Qxd3 c5 6. c4 dxc4 7. Qxc4 cxd4 8. exd4 Nc6 9. Nf3 Nf6 10. Nc3 Be7 11. Nb5 O-O 12. Nc7 Rc8 13. Ng5 Rxc7 14. Bxc7 Qxc7 15.
O-O-O Qf4+ 16. Kb1 Qxg5 17. Rd3 Qxg2 18. Re1 Qxf2 19.
Rde3 Nd5 20. R1e2 Qf1+ 21. Re1 Qxc4 22. b3 Qxd4 23. Re4 Nc3+ 24. Kc2 Nxe4 0-1

[Event "Live Chess"]
[Site "Chess.com"]
[Date "2023.09.16"]
[Round "-"]
[White "abaakate"]
[Black "lucasportolelis"]
[Result "0-1"]
[WhiteElo "1905"]
[BlackElo "1732"]
[TimeControl "900+5"]
[EndTime "7:54:00 PDT"]
[Termination "lucasportolelis venceu por desistência"]

1. d4 d5 2. c4 e6 3. Nf3 f5 4. cxd5 exd5 5. Bf4 c6 6. Nbd2 Nf6 7. Ne5 Nbd7 8. Ndf3 Be7 9. Qc2 O-O 10.
e3 Ne4 11. Bd3 Bb4+ 12. Ke2 Ndf6 13. a3 Be7 14. Bxe4 Nxe4 15. Nd2 g5 16. Nxe4 dxe4 17. Bg3 f4 18. exf4 gxf4 19. Qxe4 fxg3 20. hxg3 Bf5 21. Qe3 Bg5 22. Qb3+ Qd5 23. Qxb7 Qe4+ 24. Kf1 Qxd4 25. f4 Qxe5 0-1

[Event "Live Chess"]
[Site "Chess.com"]
[Date "2023.09.16"]
[Round "-"]
[White "Du_Felix"]
[Black "RickBrasil"]
[Result "0-1"]
[WhiteElo "1901"]
[BlackElo "1884"]
[TimeControl "900+5"]
[EndTime "7:54:12 PDT"]
[Termination "RickBrasil venceu por xeque-mate"]

1. e4 c6 2. d3 d5 3. Nd2 dxe4 4. Nxe4 Nd7 5. Nf3 Ngf6 6. Bf4 Nxe4 7. dxe4 Qb6 8. Rb1 Qa5+ 9. c3 Qxa2 10. Be2 Qa5 11. O-O e5 12. Ra1 Qc7 13. Be3 Bc5 14. Qb3 Bxe3 15.
fxe3 Qb6 16. Qxb6 Nxb6 17. Nxe5 Be6 18. Bg4 Bxg4 19. Nxg4 Nd7 20. Rf2 f6 21. h3 h5 22.
Nh2 Ne5 23. Nf3 Nxf3+ 24. gxf3 a6 25. Rg2 Kf7 26. h4 Rad8 27. Kf1 Rd3 28. Ke2 Rhd8 29.
Ra5 Rd2+ 30. Kf1 Rd1+ 31. Kf2 g6 32. Ra2 Rh1 33. Kg3 Re1 34. Kf2 Rd2+ 35. Kg3 Rxg2+ 36. Kxg2 Rxe3 37. Kf2 Rd3 38. Ke2 Rd7 39. Ra3 Ke6 40. Rb3 Ke5 41. Rb4 Kf4 42. Rd4 Rf7 43. c4 Kg3 44. c5 Kxh4 45. e5+ Kg5 46. e6 Re7 47. Re4 Kf5 48. Kf2 Rxe6 49. Rb4 Re7 50. b3 Re5 51. f4 Rxc5 52. Rxb7 Kxf4 53. Rb6 Rc2+ 54. Ke1 h4 55. Rxa6 h3 56. Ra4+ Kg3 57. b4 h2 58.
Ra3+ Kh4 59. Kd1 Rg2 60. Re3 h1=Q+ 61. Re1 Rg1 62. Rxg1 Qxg1+ 63. Kd2 Qd4+ 64. Kc2 Qxb4 65. Kd3 Qc5 66. Ke4 Qd5+ 67. Ke3 Qc4 68. Kf3 Kh5 69.
Kg3 Kg5 70. Kf3 Qd3+ 71. Kf2 c5 72. Kg1 c4 73. Kf2 c3 74. Kg1 c2 75. Kf2 Kf4 76. Kg2 Qg3+ 77. Kf1 c1=Q+ 78. Ke2 Qce3+ 79. Kd1 Qge1+ 80.
Kc2 Q3c3# 0-1

[Event "Live Chess"]
[Site "Chess.com"]
[Date "2023.09.16"]
[Round "-"]
[White "Samueeeseeel"]
[Black "IanFLS"]
[Result "0-1"]
[WhiteElo "927"]
[BlackElo "1877"]
[TimeControl "900+5"]
[EndTime "7:54:22 PDT"]
[Termination "IanFLS venceu - partida abandonada"]

1. c4 c5 2. Nc3 Nc6 3. g3 g6 4. Bg2 Bg7 5. e4 e5 6. Nge2 Nge7 7. d3 d6 8. O-O O-O 9. Be3 a6 10. b3 Be6 11. Rb1 Rb8 12. a3 Qa5 13. Bc1 b5 14.
cxb5 axb5 15. Nd5 Bxd5 16. exd5 Nd4 17. Nxd4 exd4 18. Qd2 Qxd2 19. Bxd2 Nf5 20. b4 c4 21. dxc4 bxc4 22. b5 c3 23. Bf4 Rfc8 24. Bxd6 Nxd6 25. b6 c2 26. Rbc1 Rxb6 27. a4 d3 28. a5 Ra6 29.
Be4 Nxe4 0-1

[Event "Live Chess"]
[Site "Chess.com"]
[Date "2023.09.16"]
[Round "-"]
[White "zezemito921"]
[Black "AlphaKaua10"]
[Result "0-1"]
[WhiteElo "911"]
[BlackElo "1096"]
[TimeControl "900+5"]
[EndTime "7:54:43 PDT"]
[Termination "AlphaKaua10 venceu - partida abandonada"]

1. e4 c5 2. Nf3 Nf6 3. d3 e6 4. Be2 Be7 5. O-O O-O 6. Nc3 d5 7. Be3 d4 8. Bxd4 cxd4 9. Nxd4 Qxd4 10. Nb5 Qd7 11. c4 a6 0-1

[Event "Live Chess"]
[Site "Chess.com"]
[Date "2023.09.16"]
[Round "-"]
[White "MateusLuan08"]
[Black "Torugomilho11"]
[Result "1-0"]
[WhiteElo "1565"]
[BlackElo "1174"]
[TimeControl "900+5"]
[EndTime "7:55:27 PDT"]
[Termination "MateusLuan08 venceu por desistência"]

1. e4 e5 2. Nf3 Nc6 3. d4 exd4 4.
Nxd4 Nxd4 5. Qxd4 d6 6. Nc3 Nf6 7. Bc4 c5 8. Qd3 Be7 9. O-O O-O 10. Bg5 h6 11. Bh4 Re8 12. Rad1 Bd7 13. Bb5 Bxb5 14. Nxb5 Nxe4 15. Bxe7 Qxe7 16. Rfe1 Qh4 17. g3 Qe7 18. f3 d5 19. fxe4 dxe4 20. Rxe4 Qxe4 21. Qxe4 Rxe4 22.
Kf2 Rb4 23. Nc7 Rc8 24. Nd5 Rd4 25. Rxd4 cxd4 26. Ne7+ Kf8 27. Nxc8 a6 28. Nd6 Ke7 29. Nxb7 Kd7 30. Nc5+ 1-0